 Dungeon Crawl Stone Soup version 0.29-a0-668-g12ee2bf84d (webtiles) character file.

Game seed: 15018221966097377476

100 Vylera the Bolt Thrower (level 4, -9/34 HPs)
             Began as a Barachi Hunter on June 23, 2022.
             Was a Believer of Qazlal.
             Mangled by Crazy Yiuf
             ... wielding a +4 quarterstaff of chaos
              (17 damage)
             ... on level 3 of the Dungeon.
             The game lasted 00:04:10 (2442 turns).

Vylera the Bolt Thrower (Barachi Hunter)            Turns: 2442, Time: 00:04:10

Health: -9/34      AC:  3    Str: 12    XL:     4   Next: 74%
Magic:  4/4        EV: 12    Int: 10    God:    Qazlal [**....]
Gold:   71         SH:  2    Dex: 17    Spells: 3/3 levels left

rFire   . . .      SeeInvis .   a - +1 hand crossbow
rCold   . . .      Faith    .   (no shield)
rNeg    . . .      Spirit   .   b - +0 leather armour
rPois   .          Reflect  .   (no helmet)
rElec   .          Harm     .   (no cloak)
rCorr   .          Rampage  .   (no gloves)
Will    .....                   (no boots)
Stlth   +.........              (no amulet)
HPRegen 0.11/turn               (no ring)
MPRegen 0.09/turn               (no ring)

@: slow
A: amphibious, slowness 1, strong legs 1, +LOS
a: Hop, Renounce Religion, Upheaval


You were on level 3 of the Dungeon.
You worshipped Qazlal.
Qazlal was pleased with you.
You visited 1 branch of the dungeon, and saw 3 of its levels.

You collected 71 gold pieces.

Inventory:

Hand Weapons
 a - a +1 hand crossbow (weapon)
Armour
 b - a +0 leather armour (worn)
Scrolls
 c - 3 scrolls of immolation
 e - a scroll of teleportation {unknown}
 h - 2 scrolls of summoning {unknown}
 k - a scroll of enchant weapon {unknown}
 l - a scroll of vulnerability {unknown}
 m - a scroll of poison {unknown}
 n - 4 scrolls of identify {unknown}
 o - a scroll of silence {unknown}
Potions
 d - 3 potions of attraction {unknown}
 f - a potion of lignification {unknown}
 g - 2 potions of degeneration {unknown}
 i - 2 potions of heal wounds
 j - 2 potions of curing {unknown}


   Skills:
 - Level 2.4 Fighting
 * Level 5.9 Crossbows
 - Level 2.1 Dodging
 - Level 0.8 Stealth
 + Level 0.2 Invocations


You had 3 spell levels left.
You didn't know any spells.
Your spell library contained the following spells:

 Spells                   Type           Power      Damage    Failure   Level
 Static Discharge         Conj/Air       0%         N/A       58%         2
 Dispel Undead            Necr           0%         3d6       99%         4
 Sticky Flame             Conj/Fire      0%         2d3       99%         4


Dungeon Overview and Level Annotations

Branches:
Dungeon (3/15)

Altars:
Qazlal
Sif Muna
Wu Jian

Annotations:
D:3 Crazy Yiuf


Innate Abilities, Weirdness & Mutations

You are amphibious.
You cover ground slowly.
You can hop short distances.
You have an extended range of vision and can be seen from far away.


Message History

You see here a +0 long sword.
A quokka comes into view.
You shoot a bolt. The bolt hits the quokka.
You kill the quokka!
Qazlal accepts your kill.
You see here a bat skeleton.
Things that are here:
a quokka corpse; a hobgoblin skeleton
There is an open door here.
You see here a +0 leather armour.
There is an open door here.
Crazy Yiuf shouts!
You open the door.
Crazy Yiuf zaps a wand.
The puff of flame hits you!
You shoot a bolt.
The bolt hits Crazy Yiuf but does no damage.
You shoot a bolt. The bolt hits Crazy Yiuf!
Crazy Yiuf is heavily wounded.
Crazy Yiuf zaps a wand.
The puff of flame misses you.
Crazy Yiuf hits you with a +4 quarterstaff of chaos.
Crazy Yiuf burns you.
You are too injured to fight recklessly!
Shoot: a) +1 hand crossbow
Press: ? - help, Q - select action, (/) - cycle Shift-Dir - straight line, f/p - Crazy Yiuf
Aim: Crazy Yiuf, wielding a +4 quarterstaff of chaos, wearing a +0 cloak of stealth and carrying a wand of flame (4) (heavily wounded, 69% to hit)
You shoot a bolt. The bolt hits Crazy Yiuf.
Crazy Yiuf is heavily wounded.
Crazy Yiuf drinks a potion.
Crazy Yiuf is healed!
Shoot: a) +1 hand crossbow
Press: ? - help, Q - select action, (/) - cycle Shift-Dir - straight line, f/p - Crazy Yiuf
Aim: Crazy Yiuf, wielding a +4 quarterstaff of chaos, wearing a +0 cloak of stealth and carrying a wand of flame (4) (69% to hit)
You shoot a bolt. The bolt hits Crazy Yiuf.
Crazy Yiuf is moderately wounded.
Crazy Yiuf hits you with a +4 quarterstaff of chaos!
* * * LOW HITPOINT WARNING * * *
You resist with some effort.
Unknown command.
Crazy Yiuf attacks as you move away!
Crazy Yiuf hits you with a +4 quarterstaff of chaos!
Ouch! That really hurt!
You die...

###.........#######
............#
............#
##......#####
#.....##
###...########
##.......#.### ###
##.......#..##...#
#......####@g...#
##....## ###..)#
###### ###


You could see Crazy Yiuf.

Vanquished Creatures
  2 adders (D:2)
  2 worms (D:2)
  2 dart slugs
  8 ball pythons
  4 endoplasms
  5 giant cockroaches
  4 goblins
  3 hobgoblins
  3 jackals (D:1)
  6 quokkas
  9 bats
  2 frilled lizards (D:2)
  7 kobolds
  11 rats
68 creatures vanquished.

Notes
Turn   | Place    | Note
-------+----------+-------------------------------------------
     0 | D:1      | Vylera the Barachi Hunter began the quest for the Orb.
     0 | D:1      | Reached XP level 1. HP: 17/17 MP: 1/1
    92 | D:1      | Reached XP level 2. HP: 23/23 MP: 2/2
   214 | D:1      | Found a faded altar of an unknown god.
   221 | D:1      | Prayed at the altar of an unknown god.
   221 | D:1      | Became a worshipper of Qazlal Stormbringer
   221 | D:1      | Reached * piety under Qazlal
   309 | D:1      | Reached XP level 3. HP: 28/28 MP: 3/3
   330 | D:1      | Reached skill level 5 in Crossbows
  1135 | D:2      | Found an ornate altar of the Wu Jian Council.
  1267 | D:2      | Reached XP level 4. HP: 34/34 MP: 4/4
  1818 | D:3      | Reached ** piety under Qazlal
  1899 | D:3      | Found a runed translucent door.
  1900 | D:3      | Noticed Crazy Yiuf
  2001 | D:3      | Found a shimmering blue altar of Sif Muna.
  2442 | D:3      | Mangled by Crazy Yiuf

Illustrated notes

Levels and vault maps discovered:
D:1:      dpeg_arrival_brainrot, layout_basic,
          hellmonk_ecumenical_altar_crossroads
D:2:      minmay_razor_zed, layout_loops_corners, basic_altar
D:3:      layout_rooms, mainiacjoe_overflow_24_doors, roderic_lattice_a,
          uniq_crazy_yiuf_cottage

Skill      XL: |  1  2  3 |
---------------+----------+-----
Crossbows      | 5 |  5.9
Fighting       | |  2.4
Dodging        | |  2.1
Stealth        | |  0.8
Invocations    | |  0.2

Action                   |  1- 3 |  4- 6 || total
-------------------------+-------+-------++-------
 Fire: Hand crossbow     |   106 |    62 ||   168
Armor: Leather armour    |     3 |       ||     3
Dodge: Dodged            |    27 |     2 ||    29

Table legend: (Time is in decaauts)
 A = Elapsed time spent in this place.
 B = Non-inter-level travel time spent in this place.
 C = Inter-level travel time spent in this place.
 D = Time resting spent in this place.
 E = Time spent auto-exploring this place.
 F = Levels seen in this place.
 G = Mean time per level.
                   A        B        C        D        E       F      G
               +--------+--------+--------+--------+--------+-----+--------+
         Total |   2891 |   2841 |     50 |      0 |   2483 |   3 |  963.7 |
       Dungeon |   2891 |   2841 |     50 |      0 |   2483 |   3 |  963.7 |
               +--------+--------+--------+--------+--------+-----+--------+

Top non-repeatable levels by time:
     D:2: 1247 daAuts
     D:1: 858 daAuts
     D:3: 786 daAuts
